cohdb
Replays
Latest Replays
All Replays
Popular Replays
Top Player Replays
Match Explorer
How It Works
Community
CoH3 Stats
Reddit
Sign in to upload your games and track your stats! →
Sign in with Steam
Match 41935059
Unlisted
Match 41935059
Overview
Messages
Build Orders
End
Panzergrenadier Squad
Selects Armored Support Battlegroup
Panzergrenadier Squad
250 Light Carrier
Construct Light Support Kompanie
MG34 Team
Selects Superior Fire Drills
Fire Support Elements
Assault Mechanized Group
Combat Half-tracks
Vehicle Survival Package
Pak 38 Anti-tank Gun Team
Assault Grenadier Squad
Selects Flammpanzer III Medium Tank
Construct Panzerarmee Kommand
Selects Command Panzer IV F Medium Tank
Command Panzer IV F Medium Tank
Selects Salvage Kits
Panzer III L Medium Tank
Emergency Repair Kits
Nuclear Viking
JaegerMeisteR
Sunser
Wollie
Tootoone88
ColaDruid
0
0
Comments
sign in to comment!
No comments posted yet!